 Dungeon Sprint DCSS version 0.19.1 (webtiles) character file.

1639 Kagutsuchi the Carver (level 8, -2/126 HPs)
             Began as a Yellow Draconian Berserker on Dec 25, 2016.
             Was an Elder of Trog.
             Slain by a polar bear (5 damage)
             ... while paralysed by a hornet
             ... in the Dungeon (Sprint II: "The Violet Keep of Menkaure").
             The game lasted 00:06:08 (932 turns).

Kagutsuchi the Carver (Yellow Draconian Berserker)   Turns: 932, Time: 00:06:09

Health: -2/126     AC:  7    Str: 23    XL:     8   Next: 66%
Magic:  5/8        EV:  2    Int:  4    God:    Trog [****..]
Gold:   289        SH:  0    Dex: 14    Spells: 0 memorised, 7 levels left

rFire  . . .     SeeInvis .     i - +2 short sword (holy)
rCold  . . .     Gourm    .     (armour unavailable)
rNeg   . . .     Faith    .     (no shield)
rPois  +         Spirit   .     (helmet restricted)
rElec  .         Reflect  .     j - +0 cloak
rCorr  +         Harm     .     (no gloves)
MR     .....     NoTele   +     (no boots)
Stlth  ..........               (no amulet)
                                (no ring)
                                (no ring)

@: paralysed, berserking (expiring), lethally poisoned (-2 -> -4), contaminated,
glowing
A: spit acid, acid resistance, unfitting armour, agile 1, dopey 2, poison
resistance, weak 1, cold-blooded, MP-powered wands, AC +6
a: Spit Acid, Berserk, Trog's Hand, Brothers in Arms, Burn Spellbooks, Renounce
Religion


You were in the Dungeon.
You worshipped Trog.
Trog was greatly pleased with you.
You were not hungry.

You visited 1 branch You collected 972 gold pieces.
You spent 683 gold pieces at shops.

Inventory:

Hand Weapons
 a - a +0 falchion
 i - a +2 short sword of holy wrath (weapon)
Armour
 j - a +0 cloak (worn)
Scrolls
 h - a scroll of blinking
Potions
 c - 3 potions of curing
 d - 2 potions of heal wounds
 e - a potion of haste
 f - 2 potions of magic
 g - a potion of berserk rage
Comestibles
 l - a bread ration
 m - a meat ration


   Skills:
 + Level 12.3 Fighting
 + Level 1.5(8.2) Short Blades
 + Level 12.3(12.4) Long Blades
 + Level 9.3 Dodging
 + Level 3.2 Stealth


You had 7 spell levels left.
You didn't know any spells.

Dungeon Overview and Level Annotations

Branches:
Dungeon (1/1)

Altars:
Cheibriados
Dithmenos
Elyvilon
Fedhas
Gozag
Hepliaklqana
Kikubaaqudgha
Makhleb
Nemelex Xobeh
Qazlal
Ru
Sif Muna
Trog
Uskayaw
Xom
Yredelemnul
Zin
Beogh
Jiyva
Lugonu

Shops:
D :![(![:===?%*!}?

Annotations:
D exclusions: oklob plant and orange crystal statue


Innate Abilities, Weirdness & Mutations

You can spit globs of acid.
You are resistant to acid.
Your golden yellow scales are hard. (AC +6)
You cannot fit into any form of body armour.
You are cold-blooded and may be slowed by cold attacks.
You are agile. (Dex +2)
You are very dopey. (Int -4)
Your system is resistant to poisons. (rPois)
You are weak. (Str -2)
You expend magic power (3 MP) to strengthen your wands.


Message History

You are too berserk!
You are too berserk!
You barely miss the hornet.
The hornet is moderately wounded.
You puncture the hornet!
The hornet is heavily wounded.
You feel sick. The hornet barely misses you. The polar bear misses you.
The polar bear closely misses you.
The polar bear claws you but does no damage.
The yaktaur hits you.
* * * LOW HITPOINT WARNING * * *
You miss the hornet.
Your tail-slap misses the hornet.
The hornet is heavily wounded.
The hornet stings you.
* * * LOW HITPOINT WARNING * * *
You suddenly lose the ability to move!
You feel sick. The hornet stings you!
* * * LOW HITPOINT WARNING * * *
The polar bear bites you.
You die...

...##.#### +.###
##..#....# ...#
.######..## #..# #
#(###.##..# +..# .#
#.##...#..# #..# .# (
.<.'###'..####..##.# $?%
#.##...#....###(..##▓▓▓▓
#'###.##§.....≈cyh≈≈≈≈≈≈
#.#####≈≈.....≈#@#######
.#..#≈≈§§≈≈≈..≈#....._..
.#.##≈≈§≈≈≈≈≈.≈#...._._.
#+##≈≈≈§§≈≈≈≈≈≈#..._._._
≈≈≈≈≈≈≈≈§≈≈≈≈≈§#.._._._.
+#+++#≈≈§§≈≈≈§≈#._._._._


SSS§ ##§§§###≈≈#_._._._. §§≈≈§≈ #§≈#._._._.. §§≈§≈≈≈+ You could see a polar
bear, a yaktaur and a hornet.

Vanquished Creatures
  A siren (D)
  2 tyrant leeches (D)
  A polar bear (D)
  A blink frog (D)
  4 neqoxecs (D)
  4 worker ants (D)
13 creatures vanquished.

Vanquished Creatures (others)
  Menkaure (D)
  2 crocodiles (D)
3 creatures vanquished.

Grand Total: 16 creatures vanquished

Notes
Turn   | Place    | Note
-------+----------+-------------------------------------------
     0 | D        | Kagutsuchi the Draconian Berserker began the quest for the Orb.
     0 | D        | Reached XP level 1. HP: 19/19 MP: 1/1
     1 | D        | Noticed a tyrant leech
     1 | D        | Noticed a tyrant leech
     5 | D        | Noticed a worker ant
     5 | D        | Noticed a worker ant
    12 | D        | Killed a worker ant
    12 | D        | Reached XP level 2. HP: 26/28 MP: 2/2
    14 | D        | Reached skill level 5 in Fighting
    14 | D        | Reached XP level 3. HP: 34/36 MP: 3/3
    27 | D        | Reached ** piety under Trog
    27 | D        | Reached skill level 5 in Long Blades
    27 | D        | Reached XP level 4. HP: 9/44 MP: 4/4
    27 | D        | Killed a crocodile
    36 | D        | Reached skill level 5 in Dodging
    83 | D        | Killed Menkaure
   300 | D        | Killed a crocodile
   305 | D        | Noticed a siren
   317 | D        | Killed a siren
   317 | D        | Reached skill level 1 in Stealth
   317 | D        | Reached XP level 5. HP: 41/58 MP: 5/5
   317 | D        | Reached XP level 6. HP: 47/66 MP: 6/6
   472 | D        | Noticed a neqoxec
   472 | D        | Gained mutation: You are dopey. (Int -2) [a neqoxec]
   481 | D        | Gained mutation: Your spells are a little harder to cast, but a little more powerful. [a neqoxec]
   483 | D        | Killed a neqoxec
   483 | D        | Reached *** piety under Trog
   483 | D        | Received a gift from Trog
   483 | D        | Reached skill level 10 in Fighting
   483 | D        | Reached skill level 10 in Long Blades
   483 | D        | Your scales start taking on a golden yellow colour.
   483 | D        | Reached XP level 7. HP: 58/72 MP: 7/7
   485 | D        | Noticed a neqoxec
   485 | D        | Noticed a neqoxec
   486 | D        | Noticed an orange crystal statue
   486 | D        | Noticed a neqoxec
   492 | D        | Killed a neqoxec
   494 | D        | Gained mutation: You expend magic power (3 MP) to strengthen your wands. [a neqoxec]
   495 | D        | Killed a neqoxec
   499 | D        | Killed a neqoxec
   546 | D        | Found Hitoh's Magic Scroll Shop.
   546 | D        | Found Seffeczewo's General Store.
   546 | D        | Found Caybeid's Food Shop.
   546 | D        | Found Zeegag's Jewellery Boutique.
   546 | D        | Found Buxyaky's Jewellery Shop.
   546 | D        | Found Natygema's Magic Scroll Shop.
   546 | D        | Found Uhedghounk's Book Boutique.
   547 | D        | Found Gutis's Antique Armour Boutique.
   547 | D        | Found Vokh's Distillery.
   547 | D        | Found Liuq's Antique Weapon Boutique.
   547 | D        | Found Weseloixt's Distillery.
   548 | D        | Found Raisogga's Antique Armour Shop.
   548 | D        | Found Lastrilih's Distillery.
   548 | D        | Noticed a slime creature
   549 | D        | Found Vuesh's Gadget Boutique.
   549 | D        | Found Famumoywu's Jewellery Shop.
   549 | D        | Noticed a slime creature
   550 | D        | Noticed a slime creature
   550 | D        | Noticed an oklob plant
   551 | D        | Found Wacesein's Book Shoppe.
   568 | D        | Killed a tyrant leech
   568 | D        | Reached **** piety under Trog
   568 | D        | Reached XP level 8. HP: 23/82 MP: 8/8
   569 | D        | Noticed a great orb of eyes
   739 | D        | Bought a potion of mutation for 25 gold pieces
   745 | D        | Bought a potion of mutation for 32 gold pieces
   745 | D        | Bought a potion of heal wounds for 65 gold pieces
   745 | D        | Bought a potion of curing for 39 gold pieces
   745 | D        | Bought 2 potions of curing for 78 gold pieces
   749 | D        | Bought a runed short sword for 198 gold pieces
   764 | D        | Killed a tyrant leech
   772 | D        | Bought a cloak for 108 gold pieces
   781 | D        | Bought a beef jerky for 18 gold pieces
   781 | D        | Bought a bread ration for 60 gold pieces
   781 | D        | Bought a meat ration for 60 gold pieces
   792 | D        | Noticed a blink frog
   827 | D        | Killed a blink frog
   886 | D        | Gained mutation: Your tail ends in a poisonous barb. [potion of mutation]
   886 | D        | Lost mutation: Your tail ends in a poisonous barb. [potion of mutation]
   886 | D        | Lost mutation: Your spells are a little harder to cast, but a little more powerful. [potion of mutation]
   887 | D        | Gained mutation: You are agile. (Dex +2) [potion of mutation]
   887 | D        | Gained mutation: Your system is resistant to poisons. (rPois) [potion of mutation]
   887 | D        | Gained mutation: You are very dopey. (Int -4) [potion of mutation]
   895 | D        | Gained mutation: You are weak. (Str -2) [mutagenic glow]
   906 | D        | Found a blossoming altar of Fedhas.
   907 | D        | Found a white marble altar of Elyvilon.
   908 | D        | Found an opulent altar of Gozag.
   908 | D        | Found a burning altar of Makhleb.
   909 | D        | Found a shadowy altar of Dithmenos.
   909 | D        | Found a corrupted altar of Lugonu.
   910 | D        | Found a snail-covered altar of Cheibriados.
   910 | D        | Found an ancient bone altar of Kikubaaqudgha.
   910 | D        | Found a bloodstained altar of Trog.
   911 | D        | Found a roughly hewn altar of Beogh.
   911 | D        | Found a viscous altar of Jiyva.
   911 | D        | Found a deep blue altar of Sif Muna.
   912 | D        | Found a hazy altar of Hepliaklqana.
   912 | D        | Found a sacrificial altar of Ru.
   913 | D        | Found a stormy altar of Qazlal.
   913 | D        | Found a shimmering altar of Xom.
   913 | D        | Found a basalt altar of Yredelemnul.
   913 | D        | Noticed a polar bear
   914 | D        | Noticed a polar bear
   915 | D        | Found a sparkling altar of Nemelex Xobeh.
   915 | D        | Found a hide-covered altar of Uskayaw.
   915 | D        | Found a glowing silver altar of Zin.
   915 | D        | Noticed a hornet
   916 | D        | Noticed a yaktaur
   924 | D        | Killed a polar bear
   924 | D        | Reached skill level 1 in Short Blades
   931 | D        | Paralysed by a hornet for 3 turns
   932 | D        | HP: 3/126 [hornet (13)]
   932 | D        | Slain by a polar bear

Skill      XL: |  1  2  3  4  5  6  7  8 |
---------------+-------------------------+-----
Fighting       | 4 5 6 9 10 11 12 | 12.3
Long Blades    | 4 5 9 10 11 12 | 12.3
Dodging        | 3 4 7 8 9 |  9.3
Stealth        | 1 2 3 |  3.2
Short Blades   | 1 |  1.5

Action                   |  1- 3 |  4- 6 |  7- 9 || total
-------------------------+-------+-------+-------++-------
Melee: Falchion          |    15 |    28 |    25 ||    68
       Tailslap          |     3 |     6 |    13 ||    22
       Short sword       |       |       |    36 ||    36
Invok: Berserk           |     1 |     1 |     4 ||     6
  Use: Potion            |       |     1 |     2 ||     3
 Stab: Sleeping          |       |       |     1 ||     1
  Eat: Bread ration      |       |     1 |       ||     1
       Beef jerky        |       |       |     1 ||     1
Armor: Skin              |     3 |     3 |    15 ||    21
Dodge: Dodged            |    15 |    14 |    29 ||    58
       Rpst.: Falchion   |     6 |     5 |     3 ||    14
